AoeStats
← otoro1218

Arena

510758601Analyzed
2v2 RM · 8h ago on Oct 2, 2026· 77m 46s· 4 players
Game mode
Random Map
Map size
Medium (4 player)
Population
200
Speed
Normal
Resources
Standard
Victory
Conquest
Starting age
Dark Age
Ending age
Imperial Age
RankedLock teamsTeams togetherTeam positionsShared explorationLock speedFull tech treeHidden civsTurbo modeCheats
Victory
Defeat
🇹🇼 Franks · Taiwan
1013
+15
🇹🇼 Vietnamese · Taiwan
1004
+16
🇫🇮 Koreans · Finland
1026
-17
🇦🇷 Portuguese · Argentina
967
-14
chenshengyu
10:49 Feudal Age
15:35 Castle Age
15:12 Town Watch
16:22 Double-Bit Axe
17:28 Wheelbarrow
23:25 Hand Cart
23:17 Gold Mining
24:43 Elite Skirmisher
26:54 Bow Saw
27:05 Husbandry
29:52 Imperial Age
28:02 Scale Barding Armor
28:08 Forging
28:36 Gold Shaft Mining
27:55 Stone Mining
29:12 Chain Barding Armor
29:13 Town Patrol
30:19 Cavalier
31:37 Plate Barding Armor
31:38 Iron Casting
31:56 Conscription
31:58 Fletching
34:30 Paladin
39:02 Chemistry
37:43 Treadmill Crane
38:15 Fortified Wall
40:03 Light Cavalry
40:37 Gambesons
40:53 Squires
41:56 Blast Furnace
41:50 Bodkin Arrow
42:19 Ballistics
42:10 Fortified Wall
42:09 Siege Engineers
45:27 Chivalry
47:35 Scale Mail Armor
49:05 Masonry
49:18 Padded Archer Armor
48:41 Elite Skirmisher
50:14 Leather Archer Armor
49:31 Imperial Skirmisher
50:02 Capped Ram
53:33 Murder Holes
58:14 Pikeman
59:48 Halberdier
61:24 Chain Mail Armor
61:25 Arson
66:57 Plate Mail Armor
otoro1218
11:03 Feudal Age
9:19 Loom
13:08 Double-Bit Axe
13:27 Horse Collar
17:11 Castle Age
15:26 Fletching
17:14 Town Watch
19:23 Bow Saw
20:53 Elite Skirmisher
26:09 Gold Mining
31:25 Imperial Age
29:32 Wheelbarrow
31:18 Thumb Ring
31:40 Imperial Skirmisher
34:57 Two-Man Saw
34:37 Bodkin Arrow
36:02 Bracer
35:43 Capped Ram
38:43 Murder Holes
39:10 Ballistics
42:46 Scale Barding Armor
42:42 Padded Archer Armor
43:00 Siege Engineers
43:08 Fortified Wall
43:20 Heavy Plow
43:15 Stone Mining
44:27 Paper Money
44:08 Chatras
43:29 Elite Rattan Archer
46:29 Stone Shaft Mining
47:11 Husbandry
47:24 Bloodlines
46:37 Cavalier
47:46 Elite Battle Elephant
50:12 Forging
51:19 Caravan
52:33 Pikeman
53:15 Squires
54:00 Leather Archer Armor
54:24 Iron Casting
54:49 Chain Barding Armor
56:24 Halberdier
56:52 Arson
58:16 Hoardings
58:17 Hand Cart
59:28 Ring Archer Armor
58:58 Scale Mail Armor
59:37 Plate Barding Armor
58:44 Elite Fire Lancer
73:14 Chain Mail Armor
74:06 Chemistry
72:53 Arrowslits
Lakupiippu
9:58 Feudal Age
14:15 Castle Age
12:45 Double-Bit Axe
12:53 Horse Collar
17:58 Loom
20:57 Bow Saw
26:13 Wheelbarrow
27:05 Hand Cart
30:24 Imperial Age
27:46 Light Cavalry
28:43 Fletching
29:23 Scale Barding Armor
29:20 Crossbowman
30:07 Thumb Ring
31:18 Bodkin Arrow
31:44 Chain Barding Armor
31:37 Husbandry
31:54 Forging
32:47 Chemistry
31:36 Arbalester
32:51 Conscription
33:30 Scale Mail Armor
34:02 Ballistics
34:20 Iron Casting
33:46 Bracer
33:10 Pikeman
34:40 Chain Mail Armor
34:41 Eupseong
35:13 Squires
35:00 Arson
34:52 Halberdier
35:38 Murder Holes
40:33 Plate Mail Armor
42:01 Hussar
51:49 Elite Skirmisher
57:57 Capped Ram
74:23 Two-Man Saw
DS_Fantasmic
10:37 Feudal Age
15:00 Castle Age
14:39 Double-Bit Axe
16:15 Fletching
17:36 Loom
17:42 Town Watch
18:28 Bodkin Arrow
25:56 Horse Collar
32:34 Imperial Age
32:36 Wheelbarrow
36:52 Onager
41:45 Scale Barding Armor
41:51 Forging
41:43 Elite Skirmisher
42:55 Bloodlines
42:47 Husbandry
43:17 Chain Barding Armor
44:59 Plate Barding Armor
47:27 Iron Casting
46:19 Cavalier
49:04 Heavy Plow
50:19 Gold Mining
56:31 Herbal Medicine
57:37 Town Patrol
57:53 Hand Cart
59:15 Circumnavigation
59:37 Conscription
63:15 Bracer
65:46 Light Cavalry
74:02 Blast Furnace
Connection lost

Rejoining the realm…

Still unreachable

The connection could not be restored.

Session expired

The server has moved on; the page needs a fresh start.